 Dungeon Sprint DCSS version 0.31-a0-876-gfe8ebadbca (webtiles) character file.

Game seed: 10614703064355013523

956 sircluck the Grappler (level 7, -10/79 (81) HPs)
             Began as a Troll Berserker on Oct 13, 2023.
             Was a High Priest of Trog.
             Mangled by a red devil
             ... wielding a +0 demon trident
             ... summoned by a kobold demonologist
              (18 damage)
             ... in the Dungeon (Sprint III: "The Ten Rune Challenge").
             The game lasted 00:00:56 (354 turns).

sircluck the Grappler (Troll Berserker)              Turns: 354, Time: 00:00:56

HP:   -10/79 (81)   AC:  4    Str: 28    XL:     7   Next: 91%
MP:   6/6           EV: 12    Int:  3    God:    Trog [*****.]
Gold: 20            SH:  0    Dex:  9    Spells: 6/6 levels left

rFire   . .          .
                       - Unarmed
rCold   . . .        (no shield)
rNeg    . . .        a - +0 animal skin
rPois   .            (helmet restricted)
rElec   .            (no cloak)
rCorr   .            (gloves unavailable)
SInv    .            (boots unavailable)
Will    +....        (no amulet)
Stlth   +            (no ring)
HPRegen 1.13/turn    (no ring)
MPRegen 0.10/turn

%: no teleportation
@: spiked, lightly drained
A: large, unfitting armour, claws 3, regeneration 1, shaggy fur 1, tough skin 1,
antennae 1, deterioration 1, strong-willed 1, inability to drink after injury 1
a: Renounce Religion, Berserk, Trog's Hand, Brothers in Arms


You were in the Dungeon.
You worshipped Trog.
Trog was extremely pleased with you.
You visited 1 branch You collected 20 gold pieces.

Inventory:

Armour
 a - a +0 animal skin (worn)
Wands
 i - a wand of digging (8)
Scrolls
 g - a scroll of blinking
 h - a scroll of fear {unknown}
 j - 4 scrolls of poison {unknown}
 k - 2 scrolls of identify {unknown}
Potions
 b - a potion of curing
 c - 2 potions of heal wounds
 d - a potion of haste
 e - 2 potions of magic
 f - a potion of berserk rage
 l - 2 potions of enlightenment


   Skills:
 + Level 8.9 Fighting
 + Level 8.8 Dodging
 + Level 10.5 Unarmed Combat


You had 6 spell levels left.
You didn't know any spells.
Your spell library was empty.

Dungeon Overview and Level Annotations

Branches:
Dungeon (1/1)

Altars:
Dithmenos
Elyvilon
Kikubaaqudgha
Okawaru
Ru
Sif Muna
Trog
Uskayaw
Vehumet
Wu Jian
Yredelemnul
Zin
The Shining One


Innate Abilities, Weirdness & Mutations

You are too large for most types of armour.
You have claws for hands.
Your natural rate of healing is unusually fast.
You are covered in fur. (AC +1)
You have tough skin. (AC +1)
You have a pair of small antennae on your head.
Your body sometimes deteriorates upon taking damage.
You are strong-willed. (Will+)
You occasionally lose the ability to drink potions when taking damage.


Message History

Trog accepts your kill.
Trog appreciates your killing of a magic user.
Trog will now gift you melee weapons as you gain piety.
The kobold demonologist mumbles some strange words.
There is an open door, spattered with blood here.
Things that are here:
a +0 dagger; a +0 robe You closely miss the soul eater.
You barely miss the soul eater. The kobold demonologist misses you.
The red devil hits you from afar with a +0 demon trident!
Barbed spikes become lodged in your body.
The soul eater hits you.
You closely miss the soul eater.
You claw the soul eater, but do no damage.
The kobold demonologist mumbles some strange words.
The red devil hits you from afar with a +0 demon trident!
Barbed spikes become lodged in your body.
The soul eater hits you!
You feel drained.
You barely miss the soul eater.
The kobold demonologist hits you but does no damage.
The red devil hits you from afar with a +0 demon trident!!
Barbed spikes become lodged in your body.
The soul eater draws from the surrounding life force!
* * * LOW HITPOINT WARNING * * *
You are too injured to fight recklessly!
You are too injured to fight recklessly!
You are too injured to fight recklessly!
You are too injured to fight recklessly!
You are too injured to fight recklessly!
You are too injured to fight recklessly!
You are too injured to fight recklessly!
You are too injured to fight recklessly!
You are too injured to fight recklessly!
Unknown command.
You closely miss the kobold demonologist.
The crimson imp shouts, "Scamper away, thou froward spur-galled vulture!"
The crimson imp closely misses you. The shadow imp barely misses you.
The kobold demonologist closely misses you.
The red devil hits you from afar with a +0 demon trident!!
You die...

.#......#####..#___#___#__#
##.......#..#..#.).#__)#._#
.##.##...#..#..###'#†###)##
.##.###..##'#..#..........#
####.##..###...'.⌠........#
##..##.†####...#...######+#
....##..###....#.⌠.# {
#..##...##.....#55.#
..##....#......#@###
.###..##.#÷....#K3.# .# #..
####....#5_4# ▓▓ ▓▓▓
▓▓▓▓▓▓▓▓▓▓


You could see a soul eater (summoned), a kobold demonologist, a red devil
(summoned), a crimson imp (summoned) and 2 shadow imps.

Vanquished Creatures
  A deep elf pyromancer (D)
  A necrophage (D)
  A scorpion (D)
  A water elemental (D)
  A necromancer (D)
  A wizard (D)
  3 humans (D)
  An endoplasm (D)
  3 rats (D)
13 creatures vanquished.

Notes
Turn   | Place    | Note
-------+----------+-------------------------------------------
     0 | D        | sircluck the Troll Berserker began the quest for the Orb.
     0 | D        | Reached XP level 1. HP: 22/22 MP: 0/0
    26 | D        | Reached ** piety under Trog
    44 | D        | Noticed a scorpion
    55 | D        | Killed a scorpion
    56 | D        | Reached skill level 5 in Unarmed Combat
    56 | D        | Reached XP level 2. HP: 23/33 MP: 1/1
    56 | D        | Reached XP level 3. HP: 28/40 MP: 2/2
    62 | D        | Reached XP level 4. HP: 31/49 MP: 3/3
   186 | D        | Gained mutation: You have a pair of small horns on your
                  | head. [potion of mutation]
   186 | D        | Gained mutation: Armour fits poorly on your strangely
                  | shaped body. [potion of mutation]
   187 | D        | Lost mutation: Armour fits poorly on your strangely shaped
                  | body. [potion of mutation]
   187 | D        | Lost mutation: You have a pair of small horns on your head.
                  | [potion of mutation]
   187 | D        | Gained mutation: You occasionally shout uncontrollably at
                  | your foes. [potion of mutation]
   187 | D        | Gained mutation: You are partially covered in iridescent
                  | scales. (AC +2) [potion of mutation]
   188 | D        | Lost mutation: You are partially covered in iridescent
                  | scales. (AC +2) [potion of mutation]
   188 | D        | Lost mutation: You occasionally shout uncontrollably at
                  | your foes. [potion of mutation]
   188 | D        | Gained mutation: You are partially covered in iridescent
                  | scales. (AC +2) [potion of mutation]
   188 | D        | Gained mutation: You are agile. (Dex +4, Str/Int -1)
                  | [potion of mutation]
   189 | D        | Lost mutation: You are partially covered in iridescent
                  | scales. (AC +2) [potion of mutation]
   189 | D        | Lost mutation: You are agile. (Dex +4, Str/Int -1) [potion
                  | of mutation]
   189 | D        | Gained mutation: You have a pair of small horns on your
                  | head. [potion of mutation]
   189 | D        | Gained mutation: Your body sometimes deteriorates upon
                  | taking damage. [potion of mutation]
   190 | D        | Lost mutation: Your body sometimes deteriorates upon taking
                  | damage. [potion of mutation]
   190 | D        | Lost mutation: You have a pair of small horns on your head.
                  | [potion of mutation]
   190 | D        | Gained mutation: You occasionally lose the ability to drink
                  | potions when taking damage. [potion of mutation]
   190 | D        | Gained mutation: You have a pair of small antennae on your
                  | head. [potion of mutation]
   190 | D        | Gained mutation: Your body sometimes deteriorates upon
                  | taking damage. [potion of mutation]
   190 | D        | Gained mutation: You are strong-willed. (Will+) [potion of
                  | mutation]
   197 | D        | Noticed a water elemental
   205 | D        | Killed a water elemental
   205 | D        | Reached *** piety under Trog
   206 | D        | Reached skill level 5 in Fighting
   206 | D        | Reached skill level 5 in Dodging
   206 | D        | Reached skill level 6 in Unarmed Combat
   206 | D        | Reached XP level 5. HP: 22/57 MP: 4/4
   244 | D        | Found a glowing silver altar of Zin.
   244 | D        | Found a glowing golden altar of the Shining One.
   244 | D        | Found a white marble altar of Elyvilon.
   245 | D        | Noticed a deep elf pyromancer
   251 | D        | Killed a deep elf pyromancer
   252 | D        | Reached skill level 9 in Unarmed Combat
   252 | D        | Reached XP level 6. HP: 45/72 MP: 5/5
   252 | D        | Reached XP level 7. HP: 50/79 MP: 6/6
   284 | D        | Found a hide-covered altar of Uskayaw.
   284 | D        | Found an iron altar of Okawaru.
   284 | D        | Found a bloodstained altar of Trog.
   284 | D        | Found an ornate altar of the Wu Jian Council.
   284 | D        | Noticed a human
   284 | D        | Noticed a human
   291 | D        | Killed a human
   295 | D        | Killed a human
   295 | D        | Reached **** piety under Trog
   296 | D        | Reached skill level 10 in Unarmed Combat
   319 | D        | Found a basalt altar of Yredelemnul.
   319 | D        | Found a shadowy altar of Dithmenos.
   319 | D        | Found a sacrificial altar of Ru.
   345 | D        | Found a radiant altar of Vehumet.
   345 | D        | Found a shimmering blue altar of Sif Muna.
   345 | D        | Found an ancient bone altar of Kikubaaqudgha.
   348 | D        | Noticed a soul eater
   348 | D        | Reached ***** piety under Trog
   349 | D        | Noticed a red devil
   354 | D        | Mangled by a red devil

Illustrated notes

Levels and vault maps discovered:
D:        dungeon_sprint_mu [sprint_mu_entry_cave, sprint_mu_temple_rooms,
          sprint_mu_d1_horrors, sprint_mu_d2_genie, sprint_mu_d3_branching,
          sprint_mu_orc_legion, sprint_mu_elf_gauntlet, sprint_mu_hive_nellie,
          sprint_mu_lair_fedhas, sprint_mu_vaults_butterflies,
          sprint_mu_slime_circle, sprint_mu_swamp_cave, sprint_mu_snake_twists,
          sprint_mu_blade_basic, sprint_mu_crypt_chambers,
          sprint_mu_tomb_spiral, sprint_mu_vestibule_basic,
          sprint_mu_gehenna_hellfire, sprint_mu_dis_giant,
          sprint_mu_tartarus_statrot, sprint_mu_cocytus_islands, sprint_mu_zot1]

Skill      XL: |  1  2  3  4  5  6  7 |
---------------+----------------------+-----
Fighting       | 4 5 7 8 |  8.9
Dodging        | 4 5 7 8 |  8.8
Unarmed Combat | 5 6 9 10 | 10.5

Action                     |  1- 3 |  4- 6 |  7- 9 || total
---------------------------+-------+-------+-------++-------
  Melee: Unarmed           |    17 |    13 |    26 ||    56
         Punch             |       |     1 |     3 ||     4
 Invoke: Berserk           |     1 |     1 |       ||     2
    Use: Potion            |       |     6 |       ||     6
 Armour: Animal skin       |    10 |     6 |    16 ||    32
  Dodge: Dodged            |     6 |     3 |    12 ||    21

Table legend: (Time is in decaauts)
 A = Elapsed time spent in this place.
 B = Non-inter-level travel time spent in this place.
 C = Inter-level travel time spent in this place.
 D = Time resting spent in this place.
 E = Time spent auto-exploring this place.
 F = Levels seen in this place.
 G = Mean time per level.
                   A        B        C        D        E       F      G
               +--------+--------+--------+--------+--------+-----+--------+
         Total |    364 |    364 |      0 |    163 |     91 |   1 |  364.0 |
       Dungeon |    364 |    364 |      0 |    163 |     91 |   1 |  364.0 |
               +--------+--------+--------+--------+--------+-----+--------+

Top non-repeatable levels by time:
       D: 364 daAuts
